TOP OF THE 1ST |
Baltimore (APP) Orioles batting - Pitching for Bluefield Blue Jays : RHP Brian Bailes
|
Pitching: RHP Brian Bailes
|
|
Batting: RHB Mike Zepeda
|
0-0: Ball 1-0: Ball 2-0: Swinging Strike 2-1: Ball 3-1: Base on Balls
|
Batting: RHB Danny Baeza
|
0-0: Called Strike 0-1: Ball 1-1: Foul Ball, location: 2F 1-2: Ball 2-2: DOUBLE (Line Drive, 3D, EV 105.0 MPH) Mike Zepeda to third
|
Batting: RHB Daniel Jackson
|
0-0: 3-RUN HOME RUN (Flyball, 7LD, EV 93.8 MPH), Distance : 338 ft
|
Batting: LHB Justin Moore
|
0-0: Reached via error on a dropped throw from 1B, E1 (Groundball, 34S, EV 81.9 MPH)
|
Batting: RHB Steve Jones
|
0-0: Ball 1-0: Swinging Strike 1-1: Ball 2-1: Swinging Strike 2-2: Ball 3-2: Base on Balls Justin Moore to second
|
Batting: RHB Ben Sutton
|
0-0: Fly out, F8 (Flyball, 89M, EV 88.1 MPH)
|
Batting: RHB Honório Szenes
|
0-0: Ball 1-0: Swinging Strike 1-1: Ball 2-1: Called Strike 2-2: Strikes out swinging
|
Batting: RHB Ray Sims
|
0-0: Ball 1-0: Swinging Strike 1-1: Ball 2-1: Foul Ball, location: 2F 2-2: Ball 3-2: Base on Balls Justin Moore to third Steve Jones to second
|
Batting: RHB Matt Berrier
|
0-0: Called Strike 0-1: Ball 1-1: Fly out, F9 (Flyball, 9, EV 90.0 MPH)
|
Top of the 1st over - 3 runs, 2 hits, 1 error, 3 left on base; Baltimore (APP) 3 - Bluefield 0 |
BOTTOM OF THE 1ST |
Bluefield Blue Jays batting - Pitching for Baltimore (APP) Orioles : RHP Steve Webb
|
Pitching: RHP Steve Webb
|
|
Batting: RHB Tokuji Kawabata
|
0-0: Foul Ball, location: 2F 0-1: Ball 1-1: Ball 2-1: Foul Ball, location: 2F 2-2: Foul Ball, location: 2F 2-2: Ball 3-2: DOUBLE (Flyball, 89D, EV 89.4 MPH)
|
Batting: RHB Frank Caulfield
|
0-0: Ball 1-0: Ball 2-0: Called Strike 2-1: Ball 3-1: Base on Balls
|
Batting: LHB Devin Huber
|
0-0: Ball 1-0: Called Strike 1-1: Called Strike 1-2: Strikes out swinging
|
Batting: LHB Chaim Huting
|
0-0: Ball 1-0: Called Strike 1-1: Ball 2-1: Ball 3-1: Foul Ball, location: 2F 3-2: Foul Ball, location: 2F 3-2: Base on Balls Tokuji Kawabata to third Frank Caulfield to second
|
Batting: RHB Chris Martin
|
0-0: Swinging Strike 0-1: Ball 1-1: Foul Ball, location: 2F 1-2: Ball 2-2: Ball 3-2: Base on Balls Tokuji Kawabata scores Frank Caulfield to third Chaim Huting to second
|
Batting: RHB Jose Ontiveros
|
0-0: Ball 1-0: Ball 2-0: Ball 3-0: Base on Balls Frank Caulfield scores Chaim Huting to third Chris Martin to second
|
Batting: RHB Taylor Peavey
|
0-0: Ball 1-0: Called Strike 1-1: SINGLE (Groundball, 6D, EV 95.0 MPH) Chaim Huting scores Chris Martin to third Jose Ontiveros to second Runner from 3rd tries for Home, SAFE, throw by CF to home
|
Batting: RHB Brock Van Gilder
|
0-0: Swinging Strike 0-1: Swinging Strike 0-2: Ball 1-2: Ball 2-2: Strikes out swinging
|
Batting: RHB Bobby Lasaguna
|
0-0: Foul Ball, location: 2F 0-1: Ball 1-1: Fielders Choice at 2nd, 6-4 (Groundball, 6, EV 79.4 MPH)
|
Bottom of the 1st over - 4 runs, 2 hits, 0 errors, 2 left on base; Baltimore (APP) 3 - Bluefield 4 |
TOP OF THE 2ND |
Baltimore (APP) Orioles batting - Pitching for Bluefield Blue Jays : RHP Brian Bailes
|
Batting: RHB Mike Zepeda
|
0-0: Ball 1-0: Ball 2-0: Called Strike 2-1: Foul Ball, location: 2F 2-2: Ball 3-2: Base on Balls
|
Batting: RHB Danny Baeza
|
0-0: Foul Ball, location: 2F 0-1: Ball 1-1: Called Strike 1-2: SINGLE (Groundball, 6M, EV 104.4 MPH) (infield hit) Mike Zepeda to second
|
Batting: RHB Daniel Jackson
|
0-0: Foul Ball, location: 2F 0-1: Fly out, F7 (Flyball, 78XD, EV 102.5 MPH) Runner from 2nd tags up, SAFE at 3rd, no throw by LF
|
Batting: LHB Justin Moore
|
0-0: Ball 1-0: Called Strike 1-1: Ball Danny Baeza is caught stealing 2nd base 2-6 2-1: Foul Ball, location: 2F 2-2: Foul Ball, location: 2F 2-2: Ball 3-2: Base on Balls
|
Batting: RHB Steve Jones
|
0-0: Ball 1-0: Ball 2-0: Ball 3-0: Called Strike 3-1: Base on Balls Justin Moore to second
|
Batting: RHB Ben Sutton
|
0-0: Called Strike 0-1: Foul Ball, location: 2F 0-2: Foul Ball, location: 2F 0-2: Ball 1-2: Strikes out looking
|
Top of the 2nd over - 0 runs, 1 hit, 0 errors, 3 left on base; Baltimore (APP) 3 - Bluefield 4 |
BOTTOM OF THE 2ND |
Bluefield Blue Jays batting - Pitching for Baltimore (APP) Orioles : RHP Steve Webb
|
Batting: RHB Tokuji Kawabata
|
0-0: Ball 1-0: Ball 2-0: Called Strike 2-1: Ball 3-1: Swinging Strike 3-2: Base on Balls
|
Batting: RHB Frank Caulfield
|
0-0: Ball Tokuji Kawabata steals 2nd base 1-0: Ground out 6-3 (Groundball, 6, EV 105.0 MPH)
|
Batting: LHB Devin Huber
|
0-0: Called Strike 0-1: Foul Ball, location: 2F 0-2: Ground out 6-3 (Groundball, 6MS, EV 82.5 MPH) Tokuji Kawabata to third
|
Batting: LHB Chaim Huting
|
0-0: Called Strike 0-1: Called Strike 0-2: Ground out 1-3 (Groundball, P, EV 69.4 MPH)
|
Bottom of the 2nd over - 0 runs, 0 hits, 0 errors, 1 left on base; Baltimore (APP) 3 - Bluefield 4 |
TOP OF THE 3RD |
Baltimore (APP) Orioles batting - Pitching for Bluefield Blue Jays : RHP Brian Bailes
|
Batting: RHB Honório Szenes
|
0-0: TRIPLE (Line Drive, 9LD, EV 105.6 MPH)
|
Pitching: LHP Nick Burnstein
|
|
Batting: RHB Ray Sims
|
0-0: Ground out 3-1 (Groundball, 34, EV 86.9 MPH) Honório Szenes scores
|
Batting: RHB Matt Berrier
|
0-0: SINGLE (Groundball, 6D, EV 104.4 MPH)
|
Batting: RHB Mike Zepeda
|
0-0: Swinging Strike 0-1: Swinging Strike 0-2: Foul Ball, location: 2F 0-2: Ball 1-2: Strikes out swinging
|
Batting: RHB Danny Baeza
|
0-0: Swinging Strike 0-1: Called Strike Matt Berrier is caught stealing 2nd base 2-4
|
Top of the 3rd over - 1 run, 2 hits, 0 errors, 0 left on base; Baltimore (APP) 4 - Bluefield 4 |
BOTTOM OF THE 3RD |
Bluefield Blue Jays batting - Pitching for Baltimore (APP) Orioles : RHP Steve Webb
|
Batting: RHB Chris Martin
|
0-0: Called Strike 0-1: Called Strike 0-2: Foul Ball, location: 2F 0-2: Ball 1-2: Foul Ball, location: 2F 1-2: Ground out 6-3 (Groundball, 6, EV 100.0 MPH)
|
Batting: RHB Jose Ontiveros
|
0-0: Called Strike 0-1: Ground out 1-3 (Groundball, P, EV 76.2 MPH)
|
Batting: RHB Taylor Peavey
|
0-0: Ball 1-0: Called Strike 1-1: Ball 2-1: Ball 3-1: Base on Balls
|
Batting: RHB Brock Van Gilder
|
0-0: Ball 1-0: Called Strike 1-1: Fielders Choice at 2nd, 5-4 (Groundball, 56, EV 80.6 MPH)
|
Bottom of the 3rd over - 0 runs, 0 hits, 0 errors, 1 left on base; Baltimore (APP) 4 - Bluefield 4 |
TOP OF THE 4TH |
Baltimore (APP) Orioles batting - Pitching for Bluefield Blue Jays : LHP Nick Burnstein
|
Batting: RHB Danny Baeza
|
0-0: SOLO HOME RUN (Flyball, 7D, EV 98.1 MPH), Distance : 383 ft
|
Batting: RHB Daniel Jackson
|
0-0: Swinging Strike 0-1: Foul Ball, location: 2F 0-2: Foul Ball, location: 2F 0-2: Strikes out swinging
|
Batting: LHB Justin Moore
|
0-0: Called Strike 0-1: Foul Ball, location: 2F 0-2: Ball 1-2: Strikes out swinging
|
Batting: RHB Steve Jones
|
0-0: Ball 1-0: Called Strike 1-1: Swinging Strike 1-2: Ball 2-2: Ground out 6-3 (Groundball, 6, EV 109.4 MPH)
|
Top of the 4th over - 1 run, 1 hit, 0 errors, 0 left on base; Baltimore (APP) 5 - Bluefield 4 |
BOTTOM OF THE 4TH |
Bluefield Blue Jays batting - Pitching for Baltimore (APP) Orioles : RHP Steve Webb
|
Batting: RHB Bobby Lasaguna
|
0-0: Ball 1-0: SINGLE (Line Drive, 7S, EV 106.9 MPH)
|
Batting: RHB Tokuji Kawabata
|
0-0: Ball Bobby Lasaguna steals 2nd base (no throw) 1-0: Ball Bobby Lasaguna steals 3rd base 2-0: Called Strike 2-1: Swinging Strike 2-2: Strikes out swinging
|
Batting: RHB Frank Caulfield
|
0-0: Ball 1-0: Foul Ball, location: 2F 1-1: Ball 2-1: Swinging Strike 2-2: Ball 3-2: Strikes out swinging
|
Batting: LHB Devin Huber
|
0-0: Called Strike 0-1: Called Strike 0-2: Ball 1-2: SINGLE (Line Drive, 7S, EV 86.2 MPH) Bobby Lasaguna scores
|
Batting: LHB Chaim Huting
|
0-0: Called Strike 0-1: Ball 1-1: Ball 2-1: Foul Ball, location: 2F 2-2: Ball 3-2: Base on Balls Devin Huber to second
|
Batting: RHB Chris Martin
|
0-0: Ball Wild Pitch! Devin Huber to third Chaim Huting to second 1-0: Foul Ball, location: 2F 1-1: Ball Wild Pitch! Devin Huber scores Chaim Huting to third 2-1: Ground out 6-3 (Groundball, 6, EV 106.9 MPH)
|
Bottom of the 4th over - 2 runs, 2 hits, 0 errors, 1 left on base; Baltimore (APP) 5 - Bluefield 6 |
TOP OF THE 5TH |
Baltimore (APP) Orioles batting - Pitching for Bluefield Blue Jays : LHP Nick Burnstein
|
Batting: RHB Ben Sutton
|
0-0: Ball 1-0: DOUBLE (Line Drive, 8LXD, EV 105.6 MPH)
|
Batting: RHB Honório Szenes
|
0-0: Called Strike 0-1: Swinging Strike 0-2: Strikes out swinging
|
Batting: RHB Ray Sims
|
0-0: Called Strike 0-1: Ball 1-1: Ground out 4-3 (Groundball, 4, EV 85.0 MPH) Ben Sutton to third
|
Batting: RHB Matt Berrier
|
0-0: Foul Ball, location: 2F 0-1: Called Strike 0-2: Ball 1-2: Strikes out swinging
|
Top of the 5th over - 0 runs, 1 hit, 0 errors, 1 left on base; Baltimore (APP) 5 - Bluefield 6 |
BOTTOM OF THE 5TH |
Bluefield Blue Jays batting - Pitching for Baltimore (APP) Orioles : RHP Steve Webb
|
Batting: RHB Jose Ontiveros
|
0-0: Ball 1-0: Called Strike 1-1: Ball 2-1: DOUBLE (Flyball, 78XD, EV 93.8 MPH)
|
Pitching: RHP Fabiano Ceriani
|
|
Batting: RHB Taylor Peavey
|
0-0: SINGLE (Flyball, 8RS, EV 94.4 MPH) Jose Ontiveros to third Runner from 3rd tries for Home, SAFE, throw by CF to home
|
Batting: RHB Brock Van Gilder
|
0-0: Foul Ball, location: 2F 0-1: DOUBLE (Groundball, 3L, EV 110.0 MPH) Taylor Peavey to third
|
Batting: RHB Bobby Lasaguna
|
0-0: Foul Ball, location: 2F 0-1: Ball 1-1: Called Strike 1-2: Strikes out swinging
|
Batting: RHB Tokuji Kawabata
|
0-0: Foul Ball, location: 2F 0-1: Ball 1-1: Ball 2-1: Foul Ball, location: 2F 2-2: SINGLE (Groundball, 56D, EV 101.9 MPH) Taylor Peavey scores Brock Van Gilder to third Runner from 3rd tries for Home, SAFE, throw by LF to home Tokuji Kawabata to second
|
Batting: RHB Frank Caulfield
|
0-0: Called Strike Tokuji Kawabata steals 3rd base 0-1: Ground out 1-3 (Groundball, 34S, EV 67.5 MPH)
|
Batting: LHB Devin Huber
|
0-0: Swinging Strike 0-1: Ball 1-1: Ball 2-1: Swinging Strike 2-2: Strikes out swinging
|
Bottom of the 5th over - 3 runs, 4 hits, 0 errors, 1 left on base; Baltimore (APP) 5 - Bluefield 9 |
TOP OF THE 6TH |
Baltimore (APP) Orioles batting - Pitching for Bluefield Blue Jays : LHP Nick Burnstein
|
Pitching: RHP Joe Spencer
|
|
Batting: RHB Mike Zepeda
|
0-0: Foul Ball, location: 2F 0-1: Fly out, F5 (Flyball, 5D, EV 95.0 MPH)
|
Batting: RHB Danny Baeza
|
0-0: Swinging Strike 0-1: Ball 1-1: Called Strike 1-2: Ball 2-2: SINGLE (Line Drive, 78S, EV 108.1 MPH)
|
Batting: RHB Daniel Jackson
|
0-0: Called Strike Danny Baeza steals 2nd base 0-1: Ball 1-1: Ground out 4-3 (Groundball, 4, EV 105.6 MPH) Danny Baeza to third
|
Pitching: LHP Mike Oakes
|
|
Batting: LHB Justin Moore
|
0-0: Called Strike 0-1: Foul Ball, location: 2F 0-2: Foul Ball, location: 2F 0-2: Strikes out looking
|
Top of the 6th over - 0 runs, 1 hit, 0 errors, 1 left on base; Baltimore (APP) 5 - Bluefield 9 |
BOTTOM OF THE 6TH |
Bluefield Blue Jays batting - Pitching for Baltimore (APP) Orioles : RHP Fabiano Ceriani
|
Batting: LHB Chaim Huting
|
0-0: Swinging Strike 0-1: Swinging Strike 0-2: Ball 1-2: Foul Ball, location: 2F 1-2: Strikes out swinging
|
Batting: RHB Chris Martin
|
0-0: Called Strike 0-1: Called Strike 0-2: Ground out 6-3 (Groundball, 6, EV 94.4 MPH)
|
Batting: RHB Jose Ontiveros
|
0-0: Called Strike 0-1: Foul Ball, location: 2F 0-2: Strikes out swinging
|
Bottom of the 6th over - 0 runs, 0 hits, 0 errors, 0 left on base; Baltimore (APP) 5 - Bluefield 9 |
TOP OF THE 7TH |
Baltimore (APP) Orioles batting - Pitching for Bluefield Blue Jays : LHP Mike Oakes
|
Pitching: RHP Scott Olson
|
|
Now in LF: Mike Johnson
|
|
Batting: RHB Steve Jones
|
0-0: Ball 1-0: Foul Ball, location: 2F 1-1: Foul Ball, location: 2F 1-2: Ball 2-2: SINGLE (Groundball, 6S, EV 68.1 MPH) (infield hit)
|
Batting: RHB Ben Sutton
|
0-0: Bunted foul 0-1: Ball 1-1: Sac Bunt to 23 - play at first, batter OUT! 3-4 Steve Jones to second
|
Batting: RHB Honório Szenes
|
0-0: Swinging Strike 0-1: Swinging Strike 0-2: Strikes out looking
|
Batting: RHB Ray Sims
|
0-0: Ball 1-0: Ball 2-0: Swinging Strike 2-1: Ball 3-1: Foul Ball, location: 2F 3-2: Strikes out swinging
|
Top of the 7th over - 0 runs, 1 hit, 0 errors, 1 left on base; Baltimore (APP) 5 - Bluefield 9 |
BOTTOM OF THE 7TH |
Bluefield Blue Jays batting - Pitching for Baltimore (APP) Orioles : RHP Fabiano Ceriani
|
Pitching: RHP Angel Gonzales
|
|
Batting: RHB Taylor Peavey
|
0-0: Hit by Pitch
|
Batting: RHB Brock Van Gilder
|
0-0: Ball 1-0: Ball 2-0: Ball 3-0: Called Strike 3-1: Called Strike Taylor Peavey steals 2nd base 3-2: SINGLE (Line Drive, 56, EV 96.2 MPH) Taylor Peavey to third
|
Batting: RHB Bobby Lasaguna
|
0-0: Ball 1-0: Ball Brock Van Gilder steals 2nd base 2-0: Ball 3-0: Base on Balls
|
Batting: RHB Tokuji Kawabata
|
0-0: Ball 1-0: Ball 2-0: Called Strike 2-1: Ball 3-1: Called Strike 3-2: Base on Balls Taylor Peavey scores Brock Van Gilder to third Bobby Lasaguna to second
|
Batting: RHB Frank Caulfield
|
0-0: Ball 1-0: SINGLE (Line Drive, 4MD, EV 98.8 MPH) Brock Van Gilder scores Bobby Lasaguna to third Tokuji Kawabata to second Runner from 3rd tries for Home, SAFE, throw by CF to home
|
Pinch Hitting: RHB Bruce Ayotte
|
0-0: Called Strike 0-1: Swinging Strike 0-2: Foul Ball, location: 2F 0-2: Fielders Choice at 2nd, 4-6 (Groundball, 4, EV 85.6 MPH) Tokuji Kawabata to third
|
Batting: LHB Chaim Huting
|
0-0: Ball 1-0: Ball 2-0: Called Strike Bruce Ayotte steals 2nd base 2-1: Foul Ball, location: 2F 2-2: SINGLE (Groundball, 56D, EV 99.4 MPH) Tokuji Kawabata scores Bruce Ayotte to third Runner from 3rd tries for Home, SAFE, throw by LF to home
|
Pitching: LHP Roger Farley
|
|
Batting: RHB Chris Martin
|
0-0: Called Strike 0-1: Ball 1-1: Foul Ball, location: 2F 1-2: Grounds into double play, 6-4-3 (Groundball, 6S, EV 88.8 MPH)
|
Bottom of the 7th over - 5 runs, 3 hits, 0 errors, 0 left on base; Baltimore (APP) 5 - Bluefield 14 |
TOP OF THE 8TH |
Baltimore (APP) Orioles batting - Pitching for Bluefield Blue Jays : RHP Scott Olson
|
Now in LF: Ed Swafford
|
|
Batting: RHB Matt Berrier
|
0-0: Ball 1-0: Foul Ball, location: 2F 1-1: Ball 2-1: Ball 3-1: Ground out 6-3 (Groundball, 6, EV 103.8 MPH)
|
Batting: RHB Mike Zepeda
|
0-0: Swinging Strike 0-1: Called Strike 0-2: Ball 1-2: Strikes out swinging
|
Batting: RHB Danny Baeza
|
0-0: Swinging Strike 0-1: Ball 1-1: Ball 2-1: Ground out 1-3 (Groundball, P, EV 63.1 MPH)
|
Top of the 8th over - 0 runs, 0 hits, 0 errors, 0 left on base; Baltimore (APP) 5 - Bluefield 14 |
BOTTOM OF THE 8TH |
Bluefield Blue Jays batting - Pitching for Baltimore (APP) Orioles : LHP Roger Farley
|
Batting: RHB Jose Ontiveros
|
0-0: Fly out, F8 (Flyball, 8RM, EV 88.8 MPH)
|
Batting: RHB Taylor Peavey
|
0-0: Ground out 5-3 (Groundball, 56S, EV 80.0 MPH)
|
Pinch Hitting: RHB Gary Wilson
|
0-0: Foul Ball, location: 2F 0-1: Ball 1-1: Ball 2-1: DOUBLE (Line Drive, 3D, EV 98.8 MPH)
|
Batting: RHB Bobby Lasaguna
|
0-0: Swinging Strike 0-1: Foul Ball, location: 2F 0-2: Foul Ball, location: 2F 0-2: Foul Ball, location: 2F 0-2: Strikes out swinging
|
Bottom of the 8th over - 0 runs, 1 hit, 0 errors, 1 left on base; Baltimore (APP) 5 - Bluefield 14 |
TOP OF THE 9TH |
Baltimore (APP) Orioles batting - Pitching for Bluefield Blue Jays : RHP Scott Olson
|
Now at 1B: Gary Wilson
|
|
Now at 2B: Chris Martin
|
|
Batting: RHB Daniel Jackson
|
0-0: Ball 1-0: Called Strike 1-1: Ball 2-1: Foul Ball, location: 2F 2-2: Ball 3-2: Foul Ball, location: 2F 3-2: Strikes out looking
|
Batting: LHB Justin Moore
|
0-0: Ball 1-0: Ball 2-0: Ground out 4-3 (Groundball, 4, EV 85.0 MPH)
|
Pinch Hitting: RHB Bobby White
|
0-0: Called Strike 0-1: Ball 1-1: SINGLE (Line Drive, 89S, EV 110.6 MPH)
|
Batting: RHB Ben Sutton
|
0-0: Ball 1-0: Ball 2-0: Called Strike 2-1: Foul Ball, location: 2F 2-2: Strikes out looking
|
Top of the 9th over - 0 runs, 1 hit, 0 errors, 1 left on base; Baltimore (APP) 5 - Bluefield 14 |
|